 Dungeon Crawl Stone Soup version 0.29.0-13-gc9e81de378 (webtiles) character file.

Game seed: 12563874973242745684

548 ragingrage the Chopper (level 7, -4/52 HPs)
             Began as a Demonspawn Monk on Sept 9, 2022.
             Slain by an orc
             ... wielding a +0 trident
              (8 damage)
             ... on level 3 of the Dungeon.
             The game lasted 00:02:20 (3015 turns).

ragingrage the Chopper (Demonspawn Monk)            Turns: 3015, Time: 00:02:21

Health: -4/52      AC:  2    Str: 13    XL:     7   Next: 7%
Magic:  7/7        EV: 12    Int: 12    God:
Gold:   120        SH:  0    Dex: 15    Spells: 6/6 levels left

rFire   . . .      SeeInvis .   a - +0 hand axe
rCold   . . .      Faith    .   (no shield)
rNeg    . . .      Spirit   .   j - +0 robe
rPois   .          Reflect  .   (no helmet)
rElec   .          Harm     .   (no cloak)
rCorr   .          Rampage  .   (no gloves)
Will    .....                   (no boots)
Stlth   ++........              (no amulet)
HPRegen 0.17/turn               (no ring)
MPRegen 0.10/turn               (no ring)

@: no status effects
A: demonic guardian 1, ignite blood 2
a: no special abilities


You were on level 3 of the Dungeon.
You visited 1 branch of the dungeon, and saw 3 of its levels.

You collected 120 gold pieces.

Inventory:

Hand Weapons
 a - a +0 hand axe (weapon)
 b - the +5 sling "Giant's Toothpick" {venom, +Blink rPois rC-}
   (You found it on level 2 of the Dungeon)

   Any ammunition fired from it poisons the flesh of those it strikes.
   rC:        It makes you vulnerable to cold.
   rPois:     It protects you from poison.
   +Blink:    It lets you blink.
Armour
 j - a +0 robe (worn)
Wands
 o - a wand of polymorph (11)
Scrolls
 d - a scroll of identify {unknown}
 e - a scroll of magic mapping {unknown}
 g - a scroll of noise {unknown}
 i - a scroll of enchant armour {unknown}
 k - a scroll of teleportation {unknown}
 m - a scroll of acquirement {unknown}
Potions
 c - 2 potions of heal wounds {unknown}
 f - 3 potions of attraction {unknown}
 h - 2 potions of mutation {unknown}
 l - a potion of might {unknown}
 n - a potion of haste {unknown}
 p - a potion of lignification {unknown}
 q - 2 potions of flight {unknown}
 r - 2 potions of curing {unknown}


   Skills:
 - Level 3.0 Fighting
 + Level 7.4 Axes
 - Level 2.6 Dodging
 - Level 1.7 Stealth


You had 6 spell levels left.
You didn't know any spells.
Your spell library contained the following spells:

 Spells                   Type           Power      Damage    Failure   Level
 Gell's Gravitas          Tloc           0%         N/A       69%         3
 Lesser Beckoning         Tloc           0%         N/A       69%         3
 Ozocubu's Armour         Ice            0%         N/A       69%         3
 Teleport Other           Tloc           0%         N/A       69%         3
 Ozocubu's Refrigeration  Ice            0%         4d7       100%        7


Dungeon Overview and Level Annotations

Branches:
Dungeon (3/15)

Altars:

Shops:
D:1 ?


Innate Abilities, Weirdness & Mutations

A weak demonic guardian rushes to your aid.
Your demonic aura often causes spilled blood to erupt in flames.


Message History

The orc hits your iron imp but does no damage.
The orc hits you from afar with a +0 trident!
The ice beast hits you. The ice beast freezes you.
The orc hits you with a +0 dagger.
You hit the ice beast but do no damage.
The ice beast is severely wounded.
You hit the orc. You closely miss the orc.
Your iron imp hits the orc!
The orc dies!
The ice beast misses you. The orc barely misses you.
The orc is engulfed in blazing flames.
You kill the orc!
The orc hits you with a +0 whip.
You hit the orc.
The orc is severely wounded.
You completely miss the ice beast.
Your iron imp hits the orc!
The orc dies!
The ice beast barely misses you. The orc barely misses you.
The ice beast attacks as you move away! The ice beast closely misses you.
Things that are here:
a +0 dagger; an orc corpse You hit the ice beast.
The ice beast is severely wounded.
Your iron imp barely misses the ice beast.
The orc barely misses you. The ice beast barely misses you.
You barely miss the ice beast.
The ice beast is severely wounded.
Your iron imp hits the ice beast.
You completely miss the ice beast.
The ice beast is almost dead.
The ice beast hits you. The ice beast freezes you!
* * * LOW HITPOINT WARNING * * *
The orc hits you but does no damage.
Your iron imp hits the ice beast.
You hit the ice beast but do no damage.
The ice beast is almost dead.
The ice beast hits you.
* * * LOW HITPOINT WARNING * * *
The ice beast freezes you!
* * * LOW HITPOINT WARNING * * *
The orc hits you from afar with a +0 trident!
You die...

#.........##..)....# #.#...#
#.........##.......# #.###.#
#.........##.......# #.....#
#.........##.......# #######
.>........##.......############
....###..........#............#
....# ..........#............#
....# ......5Y.#............#
....# .....)o)@#............#
....# .........#............#
....# .........#....[(......###
....# .........#...............
....# .........#............###
....# .).......#............#
...## .........#............#
...# ........####..########
...# #†##


You could see an ice beast (ally target), an orc and a friendly iron imp
(summoned).

Vanquished Creatures
  Grinder (D:3)
  Sigmund (D:2)
  Terence (D:3)
  An orc wizard (D:3)
  3 adders (D:3)
  2 worms
  2 dart slugs
  7 orcs
  3 ball pythons (D:2)
  4 endoplasms
  3 giant cockroaches (D:1)
  4 goblins
  6 hobgoblins
  3 jackals (D:1)
  2 quokkas (D:1)
  2 bats
  2 frilled lizards
  6 kobolds
  5 rats
58 creatures vanquished.

Vanquished Creatures (collateral kills)
  An orc priest (D:3)
  A dart slug (D:1)
  2 orcs (D:3)
  A quokka (D:1)
5 creatures vanquished.

Grand Total: 63 creatures vanquished

Notes
Turn   | Place    | Note
-------+----------+-------------------------------------------
     0 | D:1      | ragingrage the Demonspawn Monk began the quest for the Orb.
     0 | D:1      | Reached XP level 1. HP: 18/18 MP: 1/1
    44 | D:1      | Found a faded altar of an unknown god.
    75 | D:1      | Reached skill level 3 in Axes
    90 | D:1      | Gained mutation: A weak demonic guardian rushes to your
                  | aid. [demonic ancestry]
    90 | D:1      | Reached XP level 2. HP: 20/24 MP: 2/2
  1092 | D:1      | Found Xureddokowk's Magic Scroll Shop.
  1147 | D:1      | Reached XP level 3. HP: 27/29 MP: 3/3
  1735 | D:2      | Identified the +5 sling "Giant's Toothpick" {venom, +Blink
                  | rPois rC-}
  1741 | D:2      | Reached skill level 4 in Axes
  1814 | D:2      | Noticed Sigmund
  1817 | D:2      | Killed Sigmund
  1818 | D:2      | Reached skill level 5 in Axes
  1818 | D:2      | Reached XP level 4. HP: 35/35 MP: 4/4
  1818 | D:2      | Gained mutation: Your demonic aura sometimes causes spilled
                  | blood to erupt in flames. [demonic ancestry]
  1818 | D:2      | Reached XP level 5. HP: 41/41 MP: 5/5
  2584 | D:3      | Reached skill level 6 in Axes
  2643 | D:3      | Noticed Terence
  2651 | D:3      | Killed Terence
  2652 | D:3      | Reached XP level 6. HP: 47/47 MP: 6/6
  2659 | D:3      | Noticed Grinder
  2660 | D:3      | Paralysed by Grinder for 4 turns
  2681 | D:3      | Killed Grinder
  2682 | D:3      | Reached skill level 7 in Axes
  2860 | D:3      | Gained mutation: Your demonic aura often causes spilled
                  | blood to erupt in flames. [demonic ancestry]
  2860 | D:3      | Reached XP level 7. HP: 47/52 MP: 7/7
  3015 | D:3      | Slain by an orc

Illustrated notes

Levels and vault maps discovered:
D:1:      shiori_shiawase, layout_basic, serial_shops, nicolae_shop_crystal,
          ebering_ecumenical_altar_hall, chequers_avenue
D:2:      layout_basic, st_stairs_6, uniq_sigmund
D:3:      layout_basic, uniq_grinder, uniq_terence

Skill      XL: |  1  2  3  4  5  6 |
---------------+-------------------+-----
Axes           | 3 5 6 7 |  7.4
Fighting       | |  3.0
Dodging        | |  2.6
Stealth        | |  1.7

Action                   |  1- 3 |  4- 6 |  7- 9 || total
-------------------------+-------+-------+-------++-------
Melee: Hand axe          |    80 |     2 |     9 ||    91
 Fire: Sling             |     9 |    66 |     7 ||    82
  Use: Potion            |     1 |       |       ||     1
 Stab: Sleeping          |     1 |       |       ||     1
Armor: Robe              |    19 |     5 |     2 ||    26
Dodge: Dodged            |    52 |    11 |    14 ||    77
